 Dungeon Crawl Stone Soup version 0.28-a0-1395-g4f6bc678fa (webtiles) character file.

Game seed: 7839716312055050646

152952 ragingrage the Severer (level 17, -1/112 HPs)
             Began as a Gargoyle Artificer on Jan 3, 2022.
             Was the Champion of Okawaru.
             Killed from afar by a merfolk aquamancer (23 damage)
             ... with a ball of steam
             ... on level 3 of the Shoals on Jan 4, 2022.
             The game lasted 01:02:37 (48974 turns).

ragingrage the Severer (Gargoyle Artificer)        Turns: 48974, Time: 01:02:37

Health: -1/112     AC: 46    Str: 27    XL:     17   Next: 59%
Magic:  0/29       EV: 11    Int: 22    God:    Okawaru [******]
Gold:   300        SH:  0    Dex: 12    Spells: 16/16 levels left

rFire   . . .      SeeInvis .   a - +2 battleaxe (distort)
rCold   . . .      Faith    .   (shield currently unavailable)
rNeg    + . .      Spirit   +   O - +18 Lear's hauberk
rPois   ∞          Reflect  .   (helmet currently unavailable)
rElec   +          Harm     .   G - +0 cloak
rCorr   .          Rampage  .   (gloves currently unavailable)
Will    ++++.                   (boots currently unavailable)
Stlth   ..........              m - amulet "Jyik" {Spirit MP+9}
HPRegen 0.28/turn               n - ring "Qamuzes" {Wiz +Blink Will++ Int+2}
MPRegen 0.21/turn               P - ring "Hishreuho" {rPois Will+ Str+5 Int+6}

@: flying
A: sickness immunity, AC +12, big wings, negative energy resistance 1,
electricity resistance, torment resistance 1, petrification resistance,
iridescent scales 1, screaming 1, strong 1
a: Renounce Religion, Evoke Blink, Heroism, Finesse, Duel


You were on level 3 of the Shoals.
You worshipped Okawaru.
Okawaru was exalted by your worship.
You visited 5 branches of the dungeon, and saw 27 of its levels.
You visited the Abyss 2 times.
You also visited: Sewer, Ossuary and Gauntlet.

You collected 2829 gold pieces.
You spent 2529 gold pieces at shops.

Inventory:

Hand Weapons
 a - a +2 battleaxe of distortion (weapon)
 b - a +2 shortbow of freezing
 J - a +0 vorpal battleaxe
 W - a +2 executioner's axe of flaming
Missiles
 e - 3 silver javelins
 u - 83 poisoned darts
 z - 10 javelins
 M - 377 arrows
 S - 4 throwing nets
Armour
 i - a +2 hat
 v - the +4 scale mail of the Locust {Will+ Str+5}
   (Okawaru gifted it to you on level 2 of the Shoals)

   Str:       It affects your strength (+5).
   Will:      It increases your willpower.
 y - the +0 pair of boots of Integrity {Dex+3}
   (You found it on level 12 of the Dungeon)

   Dex:       It affects your dexterity (+3).
 G - a +0 cloak (worn)
 O - the +18 Lear's hauberk (worn)
   (Okawaru gifted it to you on level 4 of the Lair of Beasts)
 R - the +1 fire dragon scales of the Kettle-Drum {rF++ rC- rN+ Dex+4}
   (Okawaru gifted it to you on level 6 of the Lair of Beasts)

   Dex:       It affects your dexterity (+4).
   rF:        It greatly protects you from fire.
   rC:        It makes you vulnerable to cold.
   rN:        It protects you from negative energy.
 U - +2 ice dragon scales
 Z - a +2 crystal plate armour
Jewellery
 m - the amulet "Jyik" (around neck) {Spirit MP+9}
   (You bought it in a shop on level 8 of the Dungeon)

   [amulet of guardian spirit]

   It causes incoming damage to be divided between your reserves of health and
   magic.
   MP:        It affects your magic capacity (+9).
 n - the ring "Qamuzes" (left hand) {Wiz +Blink Will++ Int+2}
   (You found it in a Gauntlet)

   [ring of wizardry]

   It improves your spell success rate.
   Int:       It affects your intelligence (+2).
   +Blink:    It lets you blink.
   Will:      It greatly increases your willpower.
 s - a ring of see invisible
 I - a ring of positive energy
 P - the ring "Hishreuho" (right hand) {rPois Will+ Str+5 Int+6}
   (You acquired it on level 1 of the Dungeon)

   [ring of intelligence]

   Str:       It affects your strength (+5).
   Int:       It affects your intelligence (+6).
   rPois:     It protects you from poison.
   Will:      It increases your willpower.
 Y - a ring of protection from fire
Wands
 c - a wand of flame (34) (quivered)
 j - a wand of digging (3)
 A - a wand of polymorph (6)
 E - a wand of acid (4)
 V - a wand of mindburst (7)
Scrolls
 d - 4 scrolls of blinking
 r - 20 scrolls of identify
 x - 9 scrolls of teleportation
 B - 3 scrolls of brand weapon
 C - 2 scrolls of enchant weapon
 D - 4 scrolls of fog
 F - a scroll of magic mapping
 K - 2 scrolls of fear
 N - 3 scrolls of enchant armour
 T - a scroll of holy word
 X - 2 scrolls of amnesia
Potions
 f - 2 potions of lignification
 g - 4 potions of brilliance
 h - 6 potions of curing
 k - 3 potions of mutation
 l - 4 potions of attraction
 o - 4 potions of berserk rage
 p - a potion of cancellation
 q - 6 potions of might
 w - 2 potions of haste
 H - 10 potions of ambrosia
 L - 4 potions of heal wounds
 Q - 3 potions of magic
Miscellaneous
 t - a condenser vane (inert)


   Skills:
 + Level 14.5 Fighting
 - Level 20.0 Axes
 - Level 12.0 Armour
 + Level 5.4 Dodging
 - Level 1.1 Stealth
 - Level 5.0 Invocations
 + Level 12.1 Evocations


You had 16 spell levels left.
You didn't know any spells.
Your spell library contained the following spells:

 Spells                   Type           Power      Damage    Failure   Level
 Freeze                   Ice            0%         1d3       26%         1
 Magic Dart               Conj           0%         1d3       26%         1
 Pain                     Necr           0%         1d4       26%         1
 Shock                    Conj/Air       0%         1d3       26%         1
 Corpse Rot               Necr/Air       0%         N/A       38%         2
 Poisonous Vapours        Pois/Air       0%         N/A       38%         2
 Scorch                   Fire           0%         2d5       38%         2
 Searing Ray              Conj           0%         2d4       38%         2
 Frozen Ramparts          Ice            0%         1d2       58%         3
 Gell's Gravitas          Tloc           0%         N/A       58%         3
 Inner Flame              Hex/Fire       0%         N/A       58%         3
 Lesser Beckoning         Tloc           0%         N/A       58%         3
 Ozocubu's Armour         Ice            0%         N/A       58%         3
 Swiftness                Air            0%         N/A       58%         3
 Teleport Other           Tloc           0%         N/A       58%         3
 Vampiric Draining        Necr           0%         2d6       58%         3
 Airstrike                Air            0%         N/A       92%         4
 Cause Fear               Hex            0%         N/A       92%         4
 Flame Wave               Conj/Fire      0%         2d4       92%         4
 Fulminant Prism          Conj/Hex       0%         3d6       92%         4
 Hailstorm                Conj/Ice       0%         3d3       92%         4
 Ice Form                 Ice/Tmut       0%         N/A       92%         4
 Petrify                  Tmut/Erth      0%         N/A       92%         4
 Borgnjor's Vile Clutch   Necr/Erth      0%         N/A       99%         5
 Freezing Cloud           Conj/Ice/Air   0%         6-21      99%         5
 Metabolic Englaciation   Hex/Ice        0%         N/A       99%         5
 Orb of Destruction       Conj           0%         N/A       100%        7
 Ozocubu's Refrigeration  Ice            0%         4d5       100%        7
 Discord                  Hex            0%         N/A       100%        8
 Polar Vortex             Ice            0%         N/A       100%        9
 Animate Skeleton         Necr           Unusable   N/A       N/A         1
 Summon Guardian Golem    Hex/Summ       Unusable   N/A       N/A         3
 Animate Dead             Necr           Unusable   N/A       N/A         4
 Summon Ice Beast         Ice/Summ       Unusable   N/A       N/A         4
 Death Channel            Necr           Unusable   N/A       N/A         6
 Simulacrum               Ice/Necr       Unusable   N/A       N/A         6
 Statue Form              Tmut/Erth      Unusable   N/A       N/A         6
 Summon Cactus Giant      Summ           Unusable   N/A       N/A         6
 Spellforged Servitor     Conj/Summ      Unusable   N/A       N/A         7

Dungeon Overview and Level Annotations

Branches:
Dungeon (15/15)            Temple (1/1) D:7            Lair (6/6) D:11
 Shoals (3/4) Lair:4       Spider (0/4) Lair:2        Slime (0/5) Lair:6
    Orc (2/2) D:11            Elf (0/3) Orc:2        Vaults (0/5) D:13
 Depths (0/4) D:15          Sewer (visited)         Ossuary (visited)
Gauntlet (visited)

Altars:
Ashenzari
Cheibriados
Dithmenos
Elyvilon
Fedhas
Gozag
Kikubaaqudgha
Makhleb
Nemelex Xobeh
Okawaru
Qazlal
Ru
Sif Muna
Trog
Uskayaw
Vehumet
Wu Jian
Xom
Yredelemnul
Zin
Beogh
Jiyva

Shops:
D:1 ?   D:6 [   D:8 =   D:14 *   Orc:2 (!:?

Annotations:
D:8 1 runed translucent door, exclusion: door
D:12 exclusion: downstairs
Lair:1 3 runed translucent doors, benadryl's ghost, journeyman TrHu
Lair:4 exclusion: 4 oklob plants
Lair:5 1 runed translucent door
Orc:2 3 runed translucent doors, Bravis's ghost, journeyman GnCA
Abyss:1 Ilsuiw; Mlioglotl


Innate Abilities, Weirdness & Mutations

You are immune to sickness and miasma.
Your stone body is resilient. (AC +12)
You are immune to poison.
Your large and strong wings let you fly.
You resist negative energy. (rN+)
You are resistant to electric shocks. (rElec)
You are resistant to unholy torment.
You are immune to petrification.
You are partially covered in iridescent scales. (AC +2)
You occasionally shout uncontrollably at your foes.
Your muscles are strong. (Str +2)


Message History

The water nymph gestures at you while chanting.
The water rises up and strikes you.
The water elemental is engulfed in freezing vapours.
Aiming: Throw Flame
Press: ? - help, Q - select action, (/) - cycle Shift-Dir - straight line, f - merfolk aquamancer
Aim: a merfolk aquamancer, wielding a +3 rapier of speed and wearing a +0 robe (almost dead, 72% to hit)
The puff of flame hits the merfolk aquamancer!
The merfolk aquamancer is almost dead.
The water nymph is engulfed in a cloud of scalding steam.
The water nymph points at you and mumbles some strange words.
The water rises up and strikes you!!
* * * LOW HITPOINT WARNING * * *
The water nymph is engulfed in freezing vapours.
The water nymph gestures at you while chanting.
The water rises up and strikes you.
The merfolk aquamancer casts a spell at you.
The shard of ice hits you!
* * * LOW HITPOINT WARNING * * *
The water elemental barely misses you.
You slice the water elemental!!
You destroy the water elemental!
Okawaru accepts your kill.
The water nymph is engulfed in freezing vapours.
You kill the water nymph!
Okawaru accepts your kill.
A water elemental comes into view.
Unknown command.
You barely miss the water nymph.
The water nymph is moderately wounded.
You slice the merfolk aquamancer!!
Space warps horribly around the merfolk aquamancer!
The merfolk aquamancer hits you but does no damage.
The water nymph completely misses you.
You slash the water nymph!
The water nymph is severely wounded.
You closely miss the merfolk aquamancer.
The merfolk aquamancer hits you but does no damage.
The merfolk aquamancer casts a spell at you.
The ball of steam hits you!!
You die...

≈≈≈≈≈≈≈≈≈≈≈≈.##≈≈≈≈≈≈≈≈≈≈≈≈
≈≈≈≈≈≈≈≈≈≈≈≈##.≈≈≈.≈≈≈≈≈≈≈≈
≈≈≈≈≈≈≈≈≈≈≈≈≈≈≈≈.#.≈≈≈≈≈≈≈≈
≈≈ ≈≈≈≈≈≈≈≈≈≈≈≈..##≈≈≈≈≈≈≈≈
≈≈ ≈≈≈≈≈≈≈≈≈≈≈≈^##.≈≈≈≈≈...
≈≈ ≈≈≈≈≈≈≈≈≈≈≈≈≈≈≈≈..≈≈≈...
≈≈ ≈≈≈≈≈≈≈≈≈≈≈≈≈≈##.≈≈≈≈..#
≈≈ ≈≈≈≈≈≈≈≈≈≈≈.≈≈≈.≈≈≈≈≈ ≈≈
≈≈≈≈≈≈≈≈≈≈≈##@m§§§≈≈≈ ≈≈
≈≈≈≈≈≈≈≈≈≈#≈mm≈§§§≈≈≈ ≈≈
≈≈≈≈≈≈≈≈≈≈≈.≈≈§§§§≈≈≈ ≈≈
≈≈≈≈≈≈≈≈≈≈≈§§≈§≈≈≈≈≈≈ ≈≈
≈≈≈≈≈≈≈≈≈≈≈≈§≈#≈#≈≈≈≈ ≈≈
≈≈≈≈≈≈≈≈≈≈≈#E≈§§§#.. ≈≈
≈≈≈≈≈≈≈≈≈≈≈≈≈≈§§. . ≈≈
≈≈≈≈≈≈≈#≈≈≈≈≈≈§.. ≈≈
≈≈≈≈≈≈≈≈≈≈≈≈≈≈≈≈


You could see 2 merfolk aquamancers, a water elemental and a water nymph.

Vanquished Creatures
  Jorgrun (D:13)
  A lich (Abyss:1)
  Frances (D:13)
  Donald (Orc:2)
  A tentacled starspawn (Abyss:1)
  Kirke (Shoals:1)
  A minotaur (Gauntlet)
  A merfolk impaler (Shoals:1)
  Josephine (D:10)
  A merfolk javelineer (Shoals:2)
  A fire dragon (D:15)
  A vault guard (D:13)
  14 hydras
  4 boulder beetles
  Erica (Orc:1)
  A catoblepas (Lair:6)
  4 merfolk avatars
  An alligator snapping turtle (Shoals:2)
  5 two-headed ogres
  3 ogre magi (Orc:2)
  5 centaur warriors
  An orc high priest (Orc:2)
  A tengu warrior (D:15)
  4 merfolk aquamancers
  8 death yaks
  A deep troll shaman (Lair:6)
  A hell hog (Gauntlet)
  Nergalle (Orc:2)
  Urug (D:13)
  A thrashing horror (Abyss:1)
  A sun demon (Abyss:1)
  2 wretched stars
  3 skeletal warriors (D:14)
  A glowing orange brain (D:12)
  A starcursed mass (Abyss:1)
  6 sea snakes
  A lindwurm (Lair:6)
  11 orc knights
  2 wizards
  A phantasmal warrior (D:15)
  2 deep elf zephyrmancers (D:15)
  7 harpies
  6 orc sorcerers (Orc:2)
  A mana viper (Abyss:1)
  2 necromancers
  4 ugly things
  A large abomination (Abyss:1)
  6 manticores
  10 fauns
  4 cyclopes
  22 elephants
  2 black mambas
  5 merfolk sirens
  2 water nymphs (Shoals:3)
  14 cane toads
  2 gargoyles
  A torpor snail (Lair:4)
  A kobold demonologist (D:10)
  9 komodo dragons
  4 rime drakes
  A bunyip simulacrum (Abyss:1)
  2 tengu conjurers (D:15)
  10 merfolk
  An ancient zyme (Abyss:1)
  A queen bee (Lair:2)
  3 meliai (D:14)
  2 trolls
  A hornet (D:9)
  4 polar bears
  2 wind drakes (Shoals:1)
  20 blink frogs
  2 wolf spider simulacra
  A tarantella (shapeshifter) (D:13)
  A raiju (Abyss:1)
  3 dream sheep (Shoals:2)
  5 snapping turtles
  A culicivora (Orc:1)
  A vampire (D:12)
  A shadow (D:8)
  17 humans (D:13)
  11 wraiths
  A ynoxinul (Abyss:1)
  12 water elementals
  5 small abominations
  4 wyverns
  3 hogs (Shoals:1)
  17 fire bats
  A redback (Lair:6)
  A steam dragon (D:10)
  2 neqoxecs (Gauntlet)
  2 vampire mosquitoes (D:11)
  61 yaks
  7 basilisks
  A naga (D:11)
  7 wargs
  A naga skeleton (Abyss:1)
  2 hell hounds (Gauntlet)
  13 water moccasins
  2 black bears
  A hornet zombie (D:3)
  2 ice beasts
  23 orc warriors
  A sky beast (D:8)
  2 necrophages
  10 ogres
  A boggart (shapeshifter) (D:15)
  7 wolves
  13 centaurs
  A phantom (D:4)
  2 kobold brigands
  11 bullfrogs
  2 gnoll sergeants
  6 scorpions
  A water moccasin skeleton (D:6)
  29 killer bees
  A wight (D:6)
  2 electric eels
  4 howler monkeys
  5 bullfrog zombies
  A quasit (Abyss:1)
  7 centaur zombies
  2 jellies
  11 orc priests
  A bullfrog skeleton (D:5)
  7 centaur skeletons
  2 iguanas
  23 orc wizards
  A hell rat (D:11)
  A hound zombie (Ossuary)
  4 mummies
  14 gnolls
  10 adders
  A howler monkey skeleton (D:4)
  2 river rats (D:11)
  2 shadow imps
  2 white imps
  4 ufetubi
  3 adder zombies (Ossuary)
  4 worms
  4 dart slugs
  56 orcs
  6 ball pythons
  63 bats
  3 endoplasms
  4 giant cockroaches
  2 gnoll zombies (Ossuary)
  17 goblins
  8 hobgoblins
  A jackal (D:3)
  3 quokkas
  2 frilled lizards (D:2)
  5 goblin zombies (Ossuary)
  4 hobgoblin zombies (Ossuary)
  4 jackal zombies (Ossuary)
  15 kobolds
  6 kobold zombies (Ossuary)
  An orc zombie (Ossuary)
  4 quokka zombies (Ossuary)
  5 rats
  2 rat zombies (Ossuary)
  3 starspawn tentacles (Abyss:1)
879 creatures vanquished.

Vanquished Creatures (collateral kills)
  An orc warrior (D:7)
  A scorpion (D:5)
2 creatures vanquished.

Vanquished Creatures (others)
  A merfolk siren (Shoals:2)
  An orc wizard (Orc:2)
  2 gnolls
  2 orcs (D:7)
  A jackal (D:3)
  A kobold (D:10)
  52 fungi
  100 plants
  2 starspawn tentacles (Abyss:1)
162 creatures vanquished.

Grand Total: 1043 creatures vanquished

Notes
Turn   | Place    | Note
-------+----------+-------------------------------------------
     0 | D:1      | ragingrage the Gargoyle Artificer began the quest for the
                  | Orb.
     0 | D:1      | Reached XP level 1. HP: 12/12 MP: 1/1
    33 | D:1      | Found Amocuh's Magic Scroll Shoppe.
   321 | D:1      | Reached XP level 2. HP: 17/17 MP: 2/2
  1237 | D:2      | Reached XP level 3. HP: 20/21 MP: 3/3
  1245 | D:2      | Noticed a scorpion
  1469 | D:2      | Found a faded altar of an unknown god.
  1522 | D:2      | Killed a scorpion
  1523 | D:2      | Reached XP level 4. HP: 19/28 MP: 4/4
  1983 | D:2      | Reached XP level 5. HP: 29/33 MP: 5/5
  2638 | D:3      | Reached XP level 6. HP: 22/39 MP: 6/6
  2776 | D:3      | Found a hide-covered altar of Uskayaw.
  3351 | D:3      | Reached skill level 5 in Fighting
  3525 | D:3      | Reached skill level 5 in Evocations
  3987 | D:3      | Reached XP level 7. HP: 13/44 MP: 7/7
  4912 | D:4      | Found a glowing drain.
  4917 | Sewer    | Entered a sewer
  5248 | D:5      | Entered Level 5 of the Dungeon
  5347 | D:5      | Found a sand-covered staircase.
  5363 | Ossuary  | Entered an ossuary
  5653 | Ossuary  | Reached XP level 8. HP: 36/52 MP: 8/8
  7347 | D:6      | Reached XP level 9. HP: 22/60 MP: 9/9
  8691 | D:6      | Found Ifoxzet's Antique Armour Shoppe.
  8699 | D:6      | Bought a shiny ring mail for 231 gold pieces
  8888 | D:7      | Found a staircase to the Ecumenical Temple.
  9135 | Temple   | Entered the Ecumenical Temple
  9148 | Temple   | Reached skill level 10 in Fighting
  9320 | Temple   | Became a worshipper of Warmaster Okawaru
  9570 | D:7      | Reached skill level 1 in Axes
  9748 | D:7      | Reached skill level 2 in Axes
  9858 | D:7      | Found a basalt altar of Yredelemnul.
  9866 | D:7      | Found a shadowy altar of Dithmenos.
  9873 | D:7      | Found a blossoming altar of Fedhas.
  9881 | D:7      | Found a bloodstained altar of Trog.
  9888 | D:7      | Found a sacrificial altar of Ru.
  9896 | D:7      | Found a burning altar of Makhleb.
  9901 | D:7      | Found a radiant altar of Vehumet.
 10182 | D:7      | Reached skill level 3 in Axes
 11218 | D:7      | Reached skill level 4 in Axes
 11300 | D:8      | Found Jujorule's Jewellery Shoppe.
 11425 | D:8      | Reached XP level 10. HP: 64/68 MP: 10/10
 11479 | D:8      | Reached * piety under Okawaru
 11480 | D:8      | Reached skill level 5 in Axes
 11789 | D:7      | Reached skill level 6 in Axes
 12046 | D:8      | Noticed Joseph
 12628 | D:8      | Reached skill level 7 in Axes
 12655 | D:8      | Found a sparkling altar of Nemelex Xobeh.
 12783 | D:8      | Reached ** piety under Okawaru
 12822 | D:8      | Reached skill level 8 in Axes
 13197 | D:8      | Found a snail-covered altar of Cheibriados.
 13213 | D:8      | Found a runed translucent door.
 13273 | D:8      | Found a sparkling altar of Nemelex Xobeh.
 13292 | D:8      | Reached skill level 9 in Axes
 13390 | D:8      | Reached *** piety under Okawaru
 13433 | D:8      | Found a shimmering altar of Xom.
 13444 | D:8      | Reached XP level 11. HP: 72/72 MP: 11/11
 13532 | D:8      | Noticed Joseph
 13532 | D:8      | Joseph changed into Joseph the scorpion
 13538 | D:8      | Killed Joseph the scorpion
 13576 | D:8      | Found a sacrificial altar of Ru.
 13585 | D:8      | Found an ornate altar of the Wu Jian Council.
 13588 | D:8      | Found an ornate altar of the Wu Jian Council.
 13601 | D:8      | Reached skill level 10 in Axes
 13889 | D:8      | Noticed Maurice
 13901 | D:8      | Noticed Maurice
 13901 | D:8      | Maurice changed into Maurice the killer bee
 13902 | D:8      | Killed Maurice the killer bee
 14173 | D:8      | Noticed a flayed ghost
 15287 | D:9      | Reached skill level 11 in Axes
 15459 | D:9      | Identified the +5 rapier of Senylej {spect, rN++ Int-3}
 15932 | D:10     | Entered Level 10 of the Dungeon
 16534 | D:10     | Reached **** piety under Okawaru
 16673 | D:10     | Noticed Josephine
 16689 | D:10     | Killed Josephine
 16733 | D:10     | Reached skill level 12 in Axes
 17787 | D:11     | Found a staircase to the Orcish Mines.
 17803 | D:11     | Noticed a death yak
 17891 | D:11     | Noticed a two-headed ogre
 17940 | D:11     | HP: 3/72 [two-headed ogre (12)]
 17941 | D:11     | Killed a two-headed ogre
 18455 | D:11     | Noticed a death yak
 19107 | D:11     | Noticed a two-headed ogre
 19110 | D:11     | Noticed Grum
 19114 | D:11     | Noticed Grum
 19114 | D:11     | Grum changed into Grum the naga
 19175 | D:11     | Noticed a death yak
 19425 | D:10     | HP: 1/72 [death yak (17)]
 19426 | D:10     | Killed a death yak
 19427 | D:10     | Reached XP level 12. HP: 1/77 MP: 12/12
 19912 | D:11     | Found a staircase to the Lair.
 19973 | D:12     | Reached skill level 13 in Axes
 20729 | D:12     | Noticed a boulder beetle
 20748 | D:12     | Killed a boulder beetle
 21238 | D:12     | Noticed a two-headed ogre
 21238 | D:12     | Noticed a centaur warrior
 21282 | D:11     | Killed a two-headed ogre
 21648 | D:11     | Reached skill level 14 in Axes
 21940 | D:11     | Killed a death yak
 21962 | D:11     | Killed a death yak
 21962 | D:11     | Reached ***** piety under Okawaru
 22327 | D:11     | Killed Grum the naga
 23267 | D:12     | Received a gift from Okawaru
 23613 | D:12     | Identified the +0 pair of boots of Integrity {Dex+3}
 23789 | D:12     | Killed a centaur warrior
 23790 | D:12     | Reached skill level 15 in Axes
 24240 | D:13     | Noticed a two-headed ogre
 24354 | D:13     | Killed a two-headed ogre
 24657 | D:13     | Noticed Frances
 24859 | D:13     | Noticed Urug
 24986 | Lair:1   | Entered Level 1 of the Lair of Beasts
 25015 | Lair:1   | Reached XP level 13. HP: 70/82 MP: 13/13
 25076 | Lair:1   | Reached skill level 16 in Axes
 25369 | Lair:1   | Reached skill level 1 in Dodging
 25384 | Lair:1   | Reached skill level 1 in Invocations
 25748 | Lair:1   | Found a runed translucent gate.
 25748 | Lair:1   | Found a runed translucent gate.
 25749 | Lair:1   | Found a runed translucent gate.
 25749 | Lair:1   | Noticed benadryl's ghost (journeyman TrHu)
 26476 | Lair:1   | Found a viscous altar of Jiyva.
 26837 | D:8      | Bought the amulet "Jyik" {Spirit MP+9} for 670 gold pieces
 27614 | Lair:2   | Found a hole to the Spider Nest.
 27622 | Lair:2   | Received a gift from Okawaru
 28631 | Lair:3   | Reached skill level 5 in Armour
 29786 | Lair:4   | Reached skill level 5 in Invocations
 30011 | Lair:4   | Reached skill level 10 in Evocations
 30011 | Lair:4   | Gained mutation: Your large and strong wings let you fly.
                  | [Gargoyle growth]
 30011 | Lair:4   | Reached XP level 14. HP: 81/88 MP: 17/17
 30701 | Lair:4   | Identified the +0 ring mail of the Depths {+Blink rC- Str+4
                  | SInv Stlth+}
 30757 | Lair:4   | Received a gift from Okawaru
 30757 | Lair:4   | Found the +18 Lear's hauberk
 30890 | Lair:4   | Found a staircase to the Shoals.
 31083 | Lair:5   | Reached skill level 17 in Axes
 31487 | Lair:5   | Found a runed translucent door.
 32451 | Lair:6   | Entered Level 6 of the Lair of Beasts
 32451 | Lair:6   | Found a staircase to the Slime Pits.
 32451 | Lair:6   | Found a viscous altar of Jiyva.
 32765 | Lair:6   | Noticed Nessos
 32767 | Lair:6   | Noticed Nessos
 32767 | Lair:6   | Nessos changed into Nessos the redback
 32772 | Lair:6   | Killed Nessos the redback
 33142 | Lair:6   | Reached skill level 18 in Axes
 33304 | Lair:6   | Found a shadowy altar of Dithmenos.
 33327 | Lair:6   | Reached ****** piety under Okawaru
 33695 | Lair:6   | Reached XP level 15. HP: 92/92 MP: 18/18
 33724 | Lair:6   | Identified the +1 fire dragon scales of the Kettle-Drum
                  | {rF++ rC- rN+ Dex+4} (Okawaru gifted it to you on level 6
                  | of the Lair of Beasts)
 33724 | Lair:6   | Received a gift from Okawaru
 33971 | Lair:6   | Reached skill level 19 in Axes
 34614 | Orc:1    | Entered Level 1 of the Orcish Mines
 35001 | Orc:2    | Entered Level 2 of the Orcish Mines
 35012 | Orc:2    | Found a runed translucent gate.
 35102 | Orc:1    | Noticed Erica
 35109 | Orc:1    | Killed Erica
 35907 | Orc:2    | Noticed Bravis's ghost (journeyman GnCA)
 35915 | Orc:2    | Found a staircase to the Elven Halls.
 35929 | Orc:2    | Found a runed translucent gate.
 35929 | Orc:2    | Found a runed translucent gate.
 36565 | Orc:1    | Cast into level 3 of the Abyss (orc knight)
 36565 | Abyss:3  | Found a corrupted altar of Lugonu.
 36598 | Orc:1    | Escaped the Abyss
 37057 | Orc:2    | Found Wocsix's Distillery.
 37087 | Orc:2    | Bought 2 potions of heal wounds for 120 gold pieces
 37087 | Orc:2    | Bought a potion of magic for 96 gold pieces
 37087 | Orc:2    | Bought a potion of might for 48 gold pieces
 37297 | Orc:2    | Found an ancient bone altar of Kikubaaqudgha.
 37297 | Orc:2    | Noticed Donald
 37297 | Orc:2    | Noticed Nergalle
 37308 | Orc:2    | Killed Nergalle
 37320 | Orc:2    | Killed Donald
 37624 | Orc:2    | Found a radiant altar of Vehumet.
 37624 | Orc:2    | Noticed Erolcha
 37638 | Orc:2    | Cast into level 1 of the Abyss (Erolcha)
 37639 | Abyss:1  | Found a corrupted altar of Lugonu.
 37715 | Abyss:1  | Received a gift from Okawaru
 38084 | Abyss:1  | Noticed a tentacled starspawn
 38111 | Abyss:1  | Killed a tentacled starspawn
 38278 | Abyss:1  | Noticed a tentacled starspawn
 38311 | Abyss:1  | Reached skill level 20 in Axes
 38317 | Abyss:1  | Noticed a revenant
 38750 | Abyss:1  | Noticed a lich
 38762 | Abyss:1  | Killed a lich
 38836 | Orc:2    | Escaped the Abyss
 38837 | Orc:2    | Noticed Erolcha
 38837 | Orc:2    | Erolcha changed into Erolcha the harpy
 38842 | Orc:2    | Killed Erolcha the harpy
 38947 | Orc:2    | Found Roofiwk's Book Shop.
 38948 | Orc:2    | Found Tiolezxo's Magic Scroll Boutique.
 38950 | Orc:2    | Reached XP level 16. HP: 94/100 MP: 19/19
 39016 | Orc:2    | Bought a scroll of fear for 52 gold pieces
 39016 | Orc:2    | Bought a scroll of blinking for 112 gold pieces
 39016 | Orc:2    | Bought a scroll of teleportation for 45 gold pieces
 39016 | Orc:2    | Bought a scroll of fear for 52 gold pieces
 39016 | Orc:2    | Bought a scroll of magic mapping for 52 gold pieces
 39016 | Orc:2    | Bought a scroll of identify for 30 gold pieces
 39047 | Orc:2    | Found Ynuegum's Antique Weapon Boutique.
 39429 | D:13     | Noticed Jorgrun
 39459 | D:13     | Killed Jorgrun
 39459 | D:13     | Identified the +1 robe "Xobruz" {Str+7} (Okawaru gifted it
                  | to you on level 13 of the Dungeon)
 39459 | D:13     | Received a gift from Okawaru
 39677 | D:13     | Killed Urug
 39946 | D:13     | Found a gate to the Vaults.
 40343 | D:14     | Found Gumodgh's Assorted Antiques.
 40350 | D:14     | Bought an opal ring for 125 gold pieces
 40370 | D:14     | Found a gate leading to a gauntlet.
 40405 | Gauntlet | Entered a Gauntlet
 40405 | Gauntlet | Found a transporter.
 40579 | Gauntlet | Found a transporter.
 40596 | Gauntlet | Found a transporter.
 40600 | Gauntlet | Found a transporter.
 40610 | Gauntlet | Found the +0 mask of the Dragon {Will+ Slay+3 SInv}
 40621 | Gauntlet | Found a transporter.
 40634 | Gauntlet | Found a transporter.
 40648 | Gauntlet | Found a transporter.
 40678 | Gauntlet | Found a transporter.
 40678 | Gauntlet | Found a transporter.
 40685 | Gauntlet | Found a transporter.
 40713 | Gauntlet | Found a transporter.
 40713 | Gauntlet | Found a transporter.
 40868 | Gauntlet | Gained mutation: You are frail. (-10% HP) [a neqoxec]
 40891 | Gauntlet | Identified the ring "Qamuzes" {Wiz +Blink Will++ Int+2}
 41763 | D:13     | Killed Frances
 41764 | D:13     | Reached skill level 10 in Armour
 42333 | D:15     | Entered Level 15 of the Dungeon
 42888 | D:15     | Found a staircase to the Depths.
 43957 | Shoals:1 | Entered Level 1 of the Shoals
 43962 | Shoals:1 | Received a gift from Okawaru
 44041 | Shoals:1 | Lost mutation: You are frail. (-10% HP) [potion of
                  | mutation]
 44041 | Shoals:1 | Gained mutation: You occasionally shout uncontrollably at
                  | your foes. [potion of mutation]
 44041 | Shoals:1 | Gained mutation: Your muscles are strong. (Str +2) [potion
                  | of mutation]
 44041 | Shoals:1 | Gained mutation: You are partially covered in iridescent
                  | scales. (AC +2) [potion of mutation]
 44195 | Shoals:1 | Noticed Mlioglotl
 44224 | Shoals:1 | Banished Mlioglotl
 44651 | Shoals:1 | Reached XP level 17. HP: 92/109 MP: 20/20
 45359 | D:1      | Bought a scroll of acquirement for 676 gold pieces
 45359 | D:1      | Bought a scroll of blinking for 97 gold pieces
 45359 | D:1      | Bought a scroll of identify for 26 gold pieces
 45359 | D:1      | Bought a scroll of enchant weapon for 97 gold pieces
 45359 | D:1      | Acquired the ring "Hishreuho" {rPois Will+ Str+5 Int+6}
 46103 | Shoals:1 | Noticed Kirke
 46267 | Shoals:1 | Killed Kirke
 46810 | Shoals:2 | Noticed Ilsuiw
 46930 | Shoals:1 | Upgraded the game from 0.28-a0-1389-gc726bef33b to
                  | 0.28-a0-1395-g4f6bc678fa
 47768 | Shoals:2 | Banished Ilsuiw
 47769 | Shoals:2 | Reached skill level 5 in Dodging
 47773 | Shoals:2 | Identified the +4 scale mail of the Locust {Will+ Str+5}
                  | (Okawaru gifted it to you on level 2 of the Shoals)
 47773 | Shoals:2 | Received a gift from Okawaru
 48974 | Shoals:3 | Killed from afar by a merfolk aquamancer

Illustrated notes

Levels and vault maps discovered:
D:1:      minmay_arrival_doors, layout_basic, serial_shops,
          nicolae_shop_statue_plus
D:2:      layout_basic, dreamdust_ecumenical_altar_hidden_monk_grotto
D:3:      layout_basic, mainiacjoe_overflow_concentric_impassable,
          minmay_ogre_servants
D:4:      wander_river, layout_cave_pools, portal_sewer_entry_e
D:5:      layout_basic, gup_ossuary_entry_pyramid, minmay_splitting_lines,
          corner_web_ring
D:6:      layout_gridville, serial_shops, nicolae_shop_advertising_works
          [nicolae_subvault_shop_adworks], minmay_fractal_squares_diagonal_5
D:7:      layout_gridville, grunt_temple_overflow_octagram,
          minmay_temple_entry_glass
D:8:      due_megacathedral, layout_loops_ring, nemelex_diamond_rough_becter,
          serial_shops, shop, uniq_joseph, uniq_maurice
D:9:      layout_basic
D:10:     layout_loops_ring, library_closet, uniq_josephine
D:11:     layout_long_grid, dpeg_lair_monsters, orc_0_dummy, item_on_display_b,
          uniq_grum
D:12:     layout_loops_cross, amcnicky_mini_pool_small, minmay_crystal_room
D:13:     layout_roguey, grunt_vaults_entry_tiered, uniq_jorgrun, uniq_frances,
          uniq_urug
D:14:     layout_cave_pools, serial_shops, shop_fountains,
          gauntlet_entry_generic, kennysheep_cross_room
D:15:     grunt_enter_depths_magical_seal, layout_basic
Temple:   dshaligram_water_room_temple
Lair:1:   layout_loops_ring, gammafunk_ghost_ooze, st_stairs_6,
          lemuel_fruit_tree, infiniplex_staircase_pool
Lair:2:   layout_roguey [special_room_bee], dummy_spider_entry,
          serial_bayou_shore_a
Lair:3:   layout_regular_city, chequers_serial_rivers_large_a,
          grunt_megastairs_5
Lair:4:   minmay_lair_oklob_chamber, layout_loops_ring,
          minmay_shoals_entry_lonely_mermaid
Lair:5:   layout_gridlike, serial_forest, infiniplex_forest_lined_corner,
          infiniplex_forest_lined_3, infiniplex_forest_end_3,
          infiniplex_forest_end_1, infiniplex_forest_end_2,
          infiniplex_forest_split, infiniplex_forest_clump_small,
          infiniplex_forest_end_1, minivault_11, pf_torpor_hydra
Lair:6:   grunt_lair_end_beastmaster, layout_small_grid, slime_altar_1,
          basic_altar, uniq_nessos
Shoals:1: layout_shoals, uniq_mlioglotl, uniq_kirke
Shoals:2: layout_shoals, nicolae_shoals_cliffside_cave, uniq_ilsuiw
Shoals:3: layout_shoals, nicolae_shoals_water_shrine
Orc:1:    layout_diamond_mine, basic_altar, uniq_erica
Orc:2:    kennysheep_orc_mage_school, layout_diamond_mine,
          maelrawn_ghost_gauntlet_escape, guppyfry_orc_lava_fort, uniq_donald

Skill      XL: |  1  2  3  4  5  6  7  8  9 10 11 12 13 14 15 16 17 |
---------------+----------------------------------------------------+-----
Evocations     | 3 4 5 6 7 8 10 12 | 12.1
Fighting       | 2 3 4 5 6 8 10 11 13 14 | 14.5
Axes           | 4 9 12 15 16 18 20 | 20.0
Dodging        | 3 5 |  5.4
Invocations    | 5 |  5.0
Armour         | 6 7 8 11 12 | 12.0
Stealth        | |  1.1

Action                   |  1- 3 |  4- 6 |  7- 9 | 10-12 | 13-15 | 16-18 || total
-------------------------+-------+-------+-------+-------+-------+-------++-------
Melee: Club              |    61 |       |       |       |       |       ||    61
       Mace              |    30 |   208 |   469 |       |       |       ||   707
       Short sword       |       |       |    22 |   332 |       |       ||   354
       Flail             |       |       |       |    35 |       |       ||    35
       War axe           |       |       |       |   618 |       |       ||   618
       Executioner's axe |       |       |       |    62 |   898 |       ||   960
       Dagger            |       |       |       |     5 |       |       ||     5
       Battleaxe         |       |       |       |       |   199 |   697 ||   896
 Fire: Hunting sling     |       |       |    95 |    74 |       |       ||   169
       Shortbow          |       |       |       |     4 |    79 |       ||    83
Throw: Dart              |       |       |    27 |    66 |     3 |     1 ||    97
Invok: Heroism           |       |       |       |    22 |     7 |       ||    29
       Finesse           |       |       |       |       |     4 |     3 ||     7
Evoke: Wand              |     4 |     4 |    12 |    26 |    11 |    27 ||    84
       Piece from Xom's  |       |    10 |       |     3 |       |       ||    13
       Condenser vane    |       |       |       |       |       |     1 ||     1
  Use: Scroll            |       |     2 |     5 |     6 |    11 |     4 ||    28
       Potion            |       |       |       |     5 |     1 |     2 ||     8
 Stab: Sleeping          |     2 |     4 |     1 |       |       |       ||     7
       Petrified         |       |     7 |       |    10 |       |       ||    17
       Petrifying        |       |     1 |       |     1 |       |       ||     2
Armor: Leather armour    |    40 |   120 |   310 |       |       |       ||   470
       Ring mail         |       |       |   154 |   704 |   298 |       ||  1156
       Skin              |       |       |       |    29 |       |       ||    29
       Chain mail        |       |       |       |       |   563 |   678 ||  1241
       Fire dragon scale |       |       |       |       |       |     8 ||     8
Dodge: Dodged            |    60 |   135 |   484 |   551 |   578 |   295 ||  2103
Block: Buckler           |       |       |     8 |   208 |       |       ||   216

Table legend: (Time is in decaauts)
 A = Elapsed time spent in this place.
 B = Non-inter-level travel time spent in this place.
 C = Inter-level travel time spent in this place.
 D = Time resting spent in this place.
 E = Time spent auto-exploring this place.
 F = Levels seen in this place.
 G = Mean time per level.
                   A        B        C        D        E       F      G
               +--------+--------+--------+--------+--------+-----+--------+
         Total |  49256 |  46476 |   2780 |  14655 |  22052 |  32 | 1539.2 |
       Dungeon |  28764 |  27031 |   1733 |   9606 |  12123 |  15 | 1917.6 |
        Temple |    199 |    181 |     18 |      0 |    154 |   1 |  199.0 |
          Lair |  10197 |   9371 |    826 |   1730 |   5760 |   6 | 1699.5 |
        Shoals |   4039 |   3964 |     75 |   1282 |   1804 |   3 | 1346.3 |
  Orcish Mines |   3307 |   3180 |    127 |   1188 |   1372 |   2 | 1653.5 |
         Abyss |   1215 |   1215 |      0 |    644 |     97 |   2 |  607.5 |
         Sewer |    143 |    143 |      0 |      0 |     95 |   1 |  143.0 |
       Ossuary |    661 |    661 |      0 |    194 |    215 |   1 |  661.0 |
      Gauntlet |    728 |    728 |      0 |     10 |    431 |   1 |  728.0 |
               +--------+--------+--------+--------+--------+-----+--------+

Top non-repeatable levels by time:
    D:10: 3109 daAuts
    D:11: 2974 daAuts
     D:8: 2641 daAuts
     D:7: 2641 daAuts
    D:12: 2611 daAuts
Shoals:1: 2476 daAuts
  Lair:1: 2226 daAuts
     D:6: 1970 daAuts
    D:13: 1947 daAuts
     D:3: 1919 daAuts
  Lair:5: 1863 daAuts
     D:9: 1827 daAuts
   Orc:2: 1767 daAuts
  Lair:4: 1688 daAuts
  Lair:6: 1624 daAuts
